 Dungeon Crawl Stone Soup version 0.18.1-6-gd335043 (webtiles) character file.

335 HeyPeaces the Skirmisher (level 6, -6/50 HPs)
             Began as a Formicid Fighter on May 16, 2016.
             Was a Follower of Makhleb.
             Mangled by an ogre
             ... wielding a +0 giant club
              (16 damage)
             ... on level 4 of the Dungeon.
             The game lasted 00:32:51 (4625 turns).

HeyPeaces the Skirmisher (Formicid Fighter)         Turns: 4625, Time: 00:32:51

Health: -6/50      AC: 12    Str: 23    XL:     6   Next: 84%
Magic:  6/6        EV:  9    Int:  8    God:    Makhleb [*.....]
Gold:   157        SH:  0    Dex: 11    Spells: 0 memorised, 5 levels left

rFire  . . .     SeeInvis +     f - +0 blowgun
rCold  + . .     Gourm    .     l - +0 chain mail
rNeg   . . .     Faith    .     (no shield)
rPois  .         Spirit   .     (helmet unavailable)
rElec  .         Dismiss  .     k - +0 cloak
rCorr  .         Reflect  .     m - +0 pair of gloves
SustAt .         Harm     .     (no boots)
MR     .....                    j - amulet of rage
Stlth  ..........               (no ring)
                                e - ring of protection from cold

@: not resistant to hostile enchantments, extremely unstealthy
A: permanent stasis, dig shafts and tunnels, four strong arms, antennae 3,
strong 1
a: Dig, Shaft Self, Renounce Religion


You were on level 4 of the Dungeon.
You worshipped Makhleb.
Makhleb was aware of your devotion.
You were not hungry.

You visited 1 branch of the dungeon, and saw 4 of its levels.

You collected 157 gold pieces.

Inventory:

Hand Weapons
 a - a +0 quarterstaff
 f - a +0 blowgun (weapon)
Missiles
 c - 28 poisoned needles (quivered)
Armour
 k - a +0 cloak (worn)
 l - a +0 chain mail (worn)
 m - a +0 pair of gloves (worn)
 o - a +2 leather armour of fire resistance
Jewellery
 e - a ring of protection from cold (left hand)
 j - an amulet of rage (around neck)
Scrolls
 i - 3 scrolls of teleportation
 n - a scroll of recharging
Potions
 d - a potion of might
 p - a potion of curing
Comestibles
 b - 6 chunks of flesh
 g - a bread ration
 h - a fruit


   Skills:
 + Level 4.8 Fighting
 + Level 3.4 Staves
 + Level 1.4 Throwing
 + Level 4.6 Armour
 + Level 2.6 Dodging
   Level 3.6 Shields


You had 5 spell levels left.
You didn't know any spells.

Dungeon Overview and Level Annotations

Branches:
Dungeon (4/15)             Temple (0/1) D:4

Altars:
Makhleb
Xom


Innate Abilities, Weirdness & Mutations

You are under a permanent stasis effect.
You can dig through walls and to a lower floor.
Your four strong arms can wield two-handed weapons with a shield.
You have a pair of large antennae on your head (SInv).
Your muscles are strong. (Str +2)


Message History

The ogre hits you with a giant club!!
Firing (i - inventory):
c - 30 poisoned needles (quivered)
Press: ? - help, Shift-Dir - straight line, f - ogre
Aim: an ogre, wielding a giant club You shoot a poisoned needle.
The poisoned needle hits the ogre.
The ogre is poisoned.
The ogre looks more healthy.
Drink which item? (? for menu, Esc to quit)
You feel better. The ogre hits you with a giant club.
The ogre hits you with a giant club!
* * * LOW HITPOINT WARNING * * *
The ogre hits you with a giant club!
* * * LOW HITPOINT WARNING * * *
Firing (i - inventory):
c - 29 poisoned needles (quivered)
Press: ? - help, Shift-Dir - straight line, f/p - ogre
Aim: an ogre, wielding a giant club (moderately wounded)
You shoot a poisoned needle. The poisoned needle hits the ogre.
The ogre is moderately wounded.
The ogre hits you with a giant club!
You die...

##.# ##......##
#.###........##
##.##.........##
#.##..........#
#.##..........##
##.#.(.........#
#.#...........#
#.O...........#
##@#..........##
#.#...<.......#
#.............# #
##.#..........# ##
#.#..........###.
#..#.........#..#
##..............##
#..###.....###..##
##.## #######
#..##


You could see an ogre.

Vanquished Creatures
  2 hounds
  2 orc priests
  An iguana (D:4)
  Robin (D:3)
  A howler monkey skeleton (D:4)
  3 adders
  An ooze (D:3)
  A worm (D:4)
  6 giant geckos
  15 orcs
  5 giant cockroaches
  15 goblins
  6 hobgoblins
  7 jackals
  2 quokkas
  A ball python (D:4)
  5 bats
  A giant gecko skeleton (D:4)
  7 giant newts
  3 kobolds
  6 rats
91 creatures vanquished.

Vanquished Creatures (others)
  An iguana (D:4)
  A worker ant (D:4)
  An orc (D:4)
  A quokka (D:4)
4 creatures vanquished.

Grand Total: 95 creatures vanquished

Notes
Turn   | Place    | Note
--------------------------------------------------------------
     0 | D:1      | HeyPeaces the Formicid Fighter began the quest for the Orb.
     0 | D:1      | Reached XP level 1. HP: 18/18 MP: 1/1
   279 | D:1      | Reached XP level 2. HP: 24/24 MP: 2/2
   670 | D:1      | Reached skill level 1 in Dodging
   822 | D:2      | Reached XP level 3. HP: 22/29 MP: 3/3
  1463 | D:2      | Reached XP level 4. HP: 24/37 MP: 4/4
  2266 | D:2      | Found a burning altar of Makhleb.
  2294 | D:2      | Became a worshipper of Makhleb the Destroyer
  2600 | D:3      | Reached XP level 5. HP: 39/42 MP: 5/5
  3020 | D:3      | Noticed Robin
  3036 | D:3      | Killed Robin
  3046 | D:3      | Reached * piety under Makhleb
  3652 | D:3      | Reached XP level 6. HP: 49/49 MP: 6/6
  3823 | D:4      | Gained mutation: Your muscles are strong. (Str +2) [potion of beneficial mutation]
  3867 | D:4      | Found a shimmering altar of Xom.
  3973 | D:4      | Reached skill level 1 in Throwing
  4135 | D:4      | Found a staircase to the Ecumenical Temple.
  4576 | D:4      | Noticed an ogre
  4625 | D:4      | Mangled by an ogre

Skill      XL: |  1  2  3  4  5  6 |
---------------+-------------------+-----
Dodging        | 1 2 |  2.6
Armour         | 4 |  4.6
Fighting       | 4 |  4.8
Staves         | 3 |  3.4
Throwing       | 1 |  1.4
Shields        | |  3.6

Action                   |  1- 3 |  4- 6 || total
-------------------------+-------+-------++-------
Melee: Quarterstaff      |   100 |   194 ||   294
 Fire: Blowgun           |       |    38 ||    38
 Abil: Dig               |       |    12 ||    12
  Use: Potion            |     2 |    10 ||    12
       Scroll            |     3 |     8 ||    11
 Stab: Invisible         |       |     1 ||     1
  Eat: Chunk             |     2 |     3 ||     5
       Bread ration      |       |     2 ||     2
       Fruit             |       |     2 ||     2
Armor: Scale mail        |    58 |       ||    58
       Chain mail        |       |   139 ||   139
Dodge: Dodged            |    60 |   101 ||   161
